 Dungeon Crawl Stone Soup version 0.26-a0-43-g20b394cb32 (webtiles) character file.

Game seed: 15643277526499823255

541 po7itron the Chucker (level 7, -1/56 HPs)
             Began as a Centaur Hunter on June 3, 2020.
             Was a Follower of Okawaru.
             Shot with an arrow by a centaur (4 damage)
             ... on level 5 of the Dungeon.
             The game lasted 00:47:11 (4164 turns).

po7itron the Chucker (Centaur Hunter)               Turns: 4164, Time: 00:47:12

Health: -1/56      AC:  9    Str: 14    XL:     7   Next: 5%
Magic:  16/16      EV:  2    Int: 10    God:    Okawaru [*.....]
Gold:   106        SH:  0    Dex: 12    Spells: 6/6 levels left

rFire    + . .     SeeInvis .   z - +0 shortbow
rCold    . . .     Gourm    .   (shield currently unavailable)
rNeg     . . .     Faith    .   s - -1 plate armour (curse)
rPois    .         Spirit   .   C - +1 hat
rElec    .         Reflect  .   (no cloak)
rCorr    .         Harm     .   (no gloves)
MR       .....                  (no barding)
Stlth    ..........             (no amulet)
HPRegen  0.18/turn              g - ring of protection from fire
MPRegen  0.15/turn              k - ring of magical power

@: starving, very quick
A: large, hooves 3, deformed body, speed 2, tough skin 3
a: Heroism, Renounce Religion


You were on level 5 of the Dungeon.
You worshipped Okawaru.
Okawaru was aware of your devotion.
You were starving.

You visited 1 branch of the dungeon, and saw 5 of its levels.

You collected 145 gold pieces.
You spent 39 gold pieces at shops.

Inventory:

Hand Weapons
 p - a +1 spear of flaming
 z - a +0 shortbow (weapon)
 A - a +3 hand axe of draining
Missiles
 c - 4 javelins
 d - 17 sling bullets
 h - 113 arrows (quivered)
 i - 54 stones
 t - 29 poisoned darts
Armour
 s - a cursed -1 plate armour (worn)
 x - a +0 chain mail
 C - a +1 hat (worn)
Jewellery
 a - an uncursed ring of stealth {unknown}
 g - a ring of protection from fire (left hand)
 k - a ring of magical power (right hand)
Wands
 r - a wand of polymorph (9)
 v - a wand of digging (6)
 y - a wand of acid (8)
Scrolls
 b - 2 scrolls of remove curse
 e - 5 scrolls of blinking
 j - a scroll of magic mapping {unknown}
 m - a scroll of teleportation
 q - 2 scrolls of enchant weapon {unknown}
 u - 2 scrolls of fear {unknown}
 w - 3 scrolls of identify
 B - a scroll of fog {unknown}
Comestibles
 f - 3 rations


   Skills:
 + Level 2.5 Fighting
   Level 0.1 Short Blades
 + Level 3.8 Polearms
 + Level 5.8 Throwing
 + Level 2.7 Armour
 + Level 1.9 Dodging
 + Level 0.6 Stealth


You had 6 spell levels left.
You didn't know any spells.
Your spell library was empty.

Dungeon Overview and Level Annotations

Branches:
Dungeon (5/15)
 Temple: D:4-7

Altars:
Dithmenos
Gozag
Kikubaaqudgha
Makhleb
Okawaru
Ru
Xom

Shops:
D:4 :*   D:5 (


Innate Abilities, Weirdness & Mutations

You have hooves in place of feet.
Armour fits poorly on your strangely shaped body.
You cover ground very quickly.
You have extremely tough skin. (AC +3)


Message History

You shoot an arrow. The arrow closely misses the centaur.
The centaur shoots an arrow.
The arrow hits you!
* * * LOW HITPOINT WARNING * * *
The centaur shoots an arrow.
The arrow hits you.
* * * LOW HITPOINT WARNING * * *
Firing (i - inventory. (/) - cycle)
h - 115 arrows (quivered)
Press: ? - help, Shift-Dir - straight line, f/p - centaur
Aim: a centaur, wielding a +0 shortbow and quivering 13 arrows You shoot an arrow.
The arrow barely misses the centaur.
The centaur shoots an arrow.
The arrow hits you.
* * * LOW HITPOINT WARNING * * *
Firing (i - inventory. (/) - cycle)
h - 114 arrows (quivered)
Press: ? - help, Shift-Dir - straight line, f/p - centaur
Aim: a centaur, wielding a +0 shortbow and quivering 12 arrows You shoot an arrow.
The arrow hits the centaur.
The centaur is lightly wounded.
The centaur shoots an arrow.
The arrow hits you.
* * * LOW HITPOINT WARNING * * *
The centaur shoots an arrow.
The arrow hits you.
You die...

#........#.............#
#).......#..>..........#
#........#.............#
#........'<............#
###........###'###########
#.........................
#.........................
#.........................
#.(.((((.@................
#.(.......................
#.(.......)...............
#........c####################
#.........# #..........
#.....(...+ #..........
#.........# #..........
#.........# +..........
#.........# #..........


You could see a centaur.

Vanquished Creatures
  An ogre (D:4)
  A centaur (D:5)
  6 crimson imps
  An orc wizard (D:3)
  A worker ant (D:4)
  3 adders
  An ooze (D:2)
  4 worms
  5 dart slugs
  2 leopard geckos
  3 orcs
  3 ball pythons
  A giant cockroach (D:1)
  8 goblins
  6 hobgoblins
  10 jackals
  4 kobolds
  3 quokkas
  7 bats
  6 frilled lizards
  8 rats
84 creatures vanquished.

Notes
Turn   | Place    | Note
-------+----------+-------------------------------------------
     0 | D:1      | po7itron the Centaur Hunter began the quest for the Orb.
     0 | D:1      | Reached XP level 1. HP: 17/17 MP: 1/1
   163 | D:1      | Reached XP level 2. HP: 16/24 MP: 2/2
   351 | D:1      | Reached skill level 5 in Throwing
   428 | D:1      | Found an iron altar of Okawaru.
   443 | D:1      | Became a worshipper of Warmaster Okawaru
   952 | D:2      | Reached XP level 3. HP: 29/29 MP: 3/3
  1086 | D:2      | Found an ancient bone altar of Kikubaaqudgha.
  1879 | D:2      | Reached XP level 4. HP: 36/36 MP: 4/4
  2178 | D:3      | Reached skill level 1 in Polearms
  2312 | D:3      | Found a sacrificial altar of Ru.
  2817 | D:4      | Reached XP level 5. HP: 41/41 MP: 5/5
  2908 | D:4      | Reached skill level 1 in Armour
  2910 | D:4      | Found Xagull's Book Boutique.
  2913 | D:4      | Found a burning altar of Makhleb.
  2914 | D:4      | Found a shadowy altar of Dithmenos.
  3202 | D:4      | Found a shimmering altar of Xom.
  3233 | D:4      | Reached * piety under Okawaru
  3233 | D:4      | Reached XP level 6. HP: 42/48 MP: 6/6
  3322 | D:4      | Found Husmutoda's General Store.
  3330 | D:4      | Bought a potion of curing for 39 gold pieces
  3663 | D:4      | Found an opulent altar of Gozag.
  3847 | D:5      | Entered Level 5 of the Dungeon
  3879 | D:5      | Found Asika's Antique Weapon Shop.
  3941 | D:5      | Reached XP level 7. HP: 34/56 MP: 7/7
  4164 | D:5      | Shot with an arrow by a centaur

Illustrated notes

Levels and vault maps discovered:
D:1:      dpeg_arrival_long_road, layout_loops_ring, okawaru_ov_weapons_minmay
D:2:      layout_loops_ring, nicolae_overflow_crystal_walls,
          hangedman_feature_mirror
D:3:      layout_rooms, nicolae_ru_great_annihilating_truth, kennysheep_boxes
D:4:      minmay_recursive_quarters, layout_rooms, grunt_temple_overflow_open,
          lemuel_round_altar, serial_shops, nicolae_shop_stone, shop,
          led_xom_imps
D:5:      layout_gridville, minmay_temple_entry_enclosed_plants, serial_shops,
          nicolae_shop_statue_plus, first_ration

Skill      XL: |  1  2  3  4  5  6 |
---------------+-------------------+-----
Throwing       | 5 |  5.8
Polearms       | 2 3 |  3.8
Armour         | 2 |  2.7
Fighting       | |  2.5
Short Blades   | |  0.1
Dodging        | |  1.9
Stealth        | |  0.6

Action                   |  1- 3 |  4- 6 |  7- 9 || total
-------------------------+-------+-------+-------++-------
Melee: Short sword       |    25 |       |       ||    25
       Kick              |     8 |    28 |       ||    36
       Spear             |    87 |   185 |       ||   272
 Fire: Shortbow          |       |       |    12 ||    12
Throw: Javelin           |    21 |     1 |       ||    22
       Throwing net      |     9 |       |       ||     9
       Stone             |     1 |       |       ||     1
       Boomerang         |       |    23 |       ||    23
Evoke: Wand              |       |       |     1 ||     1
  Use: Scroll            |     4 |       |       ||     4
       Potion            |     1 |     6 |       ||     7
 Stab: Held in net/web   |     1 |       |       ||     1
  Eat: Chunk             |     1 |     1 |       ||     2
       Ration            |       |     1 |       ||     1
Armor: Leather armour    |    28 |     8 |       ||    36
       Plate armour      |       |   116 |     5 ||   121
Dodge: Dodged            |    43 |    23 |       ||    66

Table legend:
 A = Non-vault XP
 B = Vault XP
 C = Vault XP percentage of total XP
 D = Non-vault monster count
 E = Vault monster count
 F = Vault count percentage of total count
                 A         B        C        D         E       F
            +---------+---------+-------+---------+---------+-------
      Total |     513 |     261 |  33.7 |      70 |      14 |  16.7
            +---------+---------+-------+---------+---------+-------
        D:1 |      38 |       0 |   0.0 |      22 |       0 |   0.0
        D:2 |      54 |       9 |  14.3 |      18 |       4 |  18.2
        D:3 |      38 |      51 |  57.3 |      18 |       4 |  18.2
        D:4 |     222 |     201 |  47.5 |       9 |       6 |  40.0
        D:5 |     161 |       0 |   0.0 |       3 |       0 |   0.0
            +---------+---------+-------+---------+---------+-------
